 Dungeon Crawl Stone Soup version 0.20-a0-785-g17250f0 (webtiles) character file.

176102 Gorglomux the Axe Maniac (level 18, -8/160 HPs)
             Began as a Hill Orc Berserker on Feb 27, 2017.
             Was a High Priest of Trog.
             Killed from afar by a nagaraja (45 damage)
             ... with a bolt of poison
             ... on level 4 of the Snake Pit.
             The game lasted 01:04:31 (36591 turns).

Gorglomux the Axe Maniac (Hill Orc Berserker)      Turns: 36591, Time: 01:04:31

Health: -8/160     AC: 31    Str: 30    XL:     18   Next: 12%
Magic:  6/6        EV: 10    Int:  7    God:    Trog [*****.]
Gold:   1024       SH:  0    Dex:  9    Spells: 17/17 levels left

rFire    + + .     SeeInvis .   w - +7 executioner's axe (antimagic) {god gift}
rCold    + . .     Gourm    .   y - +5 plate armour
rNeg     + . .     Faith    .   (shield currently unavailable)
rPois    .         Spirit   .   n - +2 helmet
rElec    +         Reflect  .   q - +0 cloak
rCorr    .         Harm     .   J - +2 pair of gloves
MR       +++..                  (no boots)
Stlth    ..........             t - amulet of Panentheism {RegenMP *Slow rElec rF+++ rN+}
Regen    1.4/turn               S - ring "Xerykkuyn" {+Fly rC+}
MPRegen  0.2/turn               c - ring of Xom's Best Wishes {rElec rF- AC+4 Str+3}

@: lethally poisoned (-8 -> -26), exhausted, regenerating, slowed, constricted,
very slow
A: clumsy 1
a: Berserk, Trog's Hand, Brothers in Arms, Burn Spellbooks, Renounce Religion,
Evoke Flight


You were on level 4 of the Snake Pit.
You worshipped Trog.
Trog was extremely pleased with you.
You were not hungry.

You visited 5 branches of the dungeon, and saw 28 of its levels.
You also visited: Ice Cave and Volcano.

You collected 2947 gold pieces.
You spent 1923 gold pieces at shops.

Inventory:

Hand Weapons
 w - a +7 antimagic executioner's axe (weapon) {god gift}
 A - a +5 battleaxe of flaming {god gift}
Missiles
 m - 5 steel javelins (quivered) {god gift}
 Z - 2 throwing nets
Armour
 n - a +2 helmet (worn)
 q - a +0 cloak (worn)
 y - a +5 plate armour (worn)
 J - a +2 pair of gloves (worn)
Jewellery
 c - the ring of Xom's Best Wishes (left hand) {rElec rF- AC+4 Str+3}
   (You bought it in a shop on level 2 of the Orcish Mines)

   [ring of protection]

   It affects your AC (+4).
   It affects your strength (+3).
   It makes you vulnerable to fire.
   It insulates you from electricity.
 g - an uncursed ring of resist corrosion
 s - an uncursed ring of see invisible
 t - the amulet of Panentheism (around neck) {RegenMP *Slow rElec rF+++ rN+}
   (You found it on level 6 of the Dungeon)

   [amulet of magic regeneration]

   It increases your magic regeneration.
   It renders you almost immune to fire.
   It insulates you from electricity.
   It protects you from negative energy.
   It may slow you when you take damage.
 x - an uncursed ring of stealth
 S - the ring "Xerykkuyn" (right hand) {+Fly rC+}
   (You found it on level 1 of the Snake Pit)

   [ring of flight]

   It protects you from cold.
   It lets you fly.
Wands
 k - a wand of acid (5/15)
 D - a wand of digging (6/24)
 I - a wand of iceblast (7/15)
 L - a wand of lightning (5/15)
Scrolls
 e - a scroll of holy word
 i - a scroll of silence {unknown}
 l - 9 scrolls of remove curse
 v - 3 scrolls of fog
 H - 4 scrolls of immolation
 K - 4 scrolls of fear
 M - 2 scrolls of magic mapping
 N - 3 scrolls of summoning
 P - a scroll of recharging
 R - 14 scrolls of identify
 T - 8 scrolls of teleportation
Potions
 d - 6 potions of curing
 h - a potion of invisibility
 j - a potion of flight
 o - 3 potions of heal wounds
 z - 3 potions of mutation
 C - 7 potions of agility
 E - a potion of might
 F - 3 potions of resistance
 G - 4 potions of lignification
 O - 3 potions of brilliance
 Q - a potion of cancellation
 V - 2 potions of ambrosia
 Y - 5 potions of haste
Miscellaneous
 U - a box of beasts
 W - a sack of spiders
 X - a phial of floods
Comestibles
 p - 20 royal jellies
 r - 14 bread rations
 u - 13 meat rations


   Skills:
 + Level 14.1 Fighting
 O Level 27 Axes
 - Level 7.6 Throwing
 - Level 10.0 Armour
 - Level 12.0 Dodging


You had 17 spell levels left.
You didn't know any spells.

Dungeon Overview and Level Annotations

Branches:
Dungeon (15/15)            Temple (0/1) D:5            Lair (6/6) D:9
  Swamp (0/4) Lair:4        Snake (4/4) Lair:2        Slime (1/5) Lair:5
    Orc (2/2) D:9             Elf (0/3) Orc:2        Vaults (0/5) D:14
 Depths (0/5) D:15

Altars:
Ashenzari
Cheibriados
Kikubaaqudgha
Nemelex Xobeh
Okawaru
Ru
Yredelemnul
Beogh

Shops:
D:6 ?   D:14 (   Orc:2 !=:!:[*

Annotations:
D:15 35 runed doors


Innate Abilities, Weirdness & Mutations

You are clumsy. (Dex -2)


Message History

The bolt of poison hits you!
You are more poisoned.
* * * LOW HITPOINT WARNING * * *
The bolt of poison hits the naga mage.
The naga warrior hits you from afar with a vampiric trident!
* * * LOW HITPOINT WARNING * * *
The naga mage points at you and mumbles some strange words.
You resist with almost no effort. The naga mage constricts you.
The guardian serpent closely misses you.
The naga mage barely misses you.
You feel much better.
You feel very sick. The naga mage spits poison at you.
The splash of poison hits you!
You are more poisoned.
The naga mage constricts you. The guardian serpent misses you.
The nagaraja gestures at you while chanting.
The bolt of poison hits you!
You are more poisoned.
You die...

..# ...# ##..##/## ..# . #...#
##......# .# ###.. #NN.##
##....#### # ... #.... ##.....#
###.#### #.NN #..#...#
.......## ###')###..#####
..#.##..#### #....)()(##
#.....#....# #N###)).##
##.##.#....# #N@SN).##
##.........######N%.#######
....................).....##
#####......................#
####........##...##.#....#####
##.........#.........##........
.#.........#...#...###..#######
.#.....................##
.(...####.#........#####


You could see a naga warrior, a nagaraja, a guardian serpent and 2 naga magi.

Vanquished Creatures
  Rupert (Lair:5)
  Kirke (D:13)
  4 nagarajas
  Azrael (D:15)
  2 fire dragons (D:15)
  2 ogre magi (Orc:2)
  8 vault guards (D:14)
  5 hydras
  A merfolk avatar (Lair:6)
  A catoblepas (Lair:6)
  12 naga warriors
  5 anacondas
  2 centaur warriors
  23 two-headed ogres
  8 shock serpents
  9 naga sharpshooters
  Urug (D:10)
  2 death yaks (IceCv)
  3 skeletal warriors (D:13)
  An unseen horror (D:14)
  3 orc knights
  3 naga ritualists
  A deep elf mage (D:14)
  2 lindwurms (Volcano)
  A harpy (Lair:6)
  13 ugly things
  A wolf spider (D:15)
  11 mana vipers
  3 oklob plants (Lair:1)
  An orc sorcerer (Orc:1)
  2 manticores
  4 cyclopes
  9 elephants (Lair:6)
  6 salamanders
  5 guardian serpents
  30 black mambas
  4 molten gargoyles (Volcano)
  A gargoyle (D:15)
  17 naga magi
  A toenail golem (Volcano)
  11 spiny frogs
  A torpor snail (Lair:4)
  8 komodo dragons
  4 efreet
  2 redback zombies
  6 rime drakes
  A queen bee (Lair:2)
  3 tengu conjurers
  12 polar bears
  4 hornets
  13 trolls
  19 slime creatures
  16 hippogriffs
  24 blink frogs
  Sigmund (D:5)
  2 wraiths
  8 redbacks (Snake:3)
  3 hogs (D:13)
  10 fire elementals
  6 wyverns
  48 yaks
  4 basilisks
  A golden eye (shapeshifter) (D:13)
  A steam dragon (D:9)
  12 vampire mosquitoes
  2 hungry ghosts
  A warg (Orc:1)
  42 nagas
  9 swamp worms
  12 porcupines
  A soldier ant (D:11)
  A hell hound (D:15)
  20 orc warriors
  8 water moccasins
  Duvessa (D:5)
  10 sky beasts
  3 black bears
  2 eyes of draining
  10 ice beasts
  A necrophage (D:10)
  2 phantoms
  29 ogres
  15 wolves
  13 centaurs
  21 crocodiles
  An earth elemental (Volcano)
  2 gnoll sergeants
  Dowan (D:5)
  2 wyvern skeletons (D:14)
  22 bullfrogs
  6 scorpions
  24 killer bees (Lair:2)
  8 wights
  3 electric eels
  2 vampire bats (Lair:5)
  9 howler monkeys
  A bullfrog zombie (D:11)
  5 crimson imps
  8 centaur zombies
  A quasit (D:11)
  18 jellies
  26 orc wizards
  A centaur skeleton (D:3)
  21 orc priests
  6 hounds
  Jessica (D:3)
  6 worker ants
  4 iguanas
  8 hell rats
  16 adders
  13 gnolls
  2 shadow imps
  7 oozes
  An adder zombie (D:8)
  An adder skeleton (D:6)
  16 worms
  2 dart slugs
  7 leopard geckos
  104 orcs
  4 ball pythons
  4 giant cockroaches
  5 goblins
  12 hobgoblins
  11 jackals
  14 kobolds
  2 quokkas (D:10)
  20 bats
  6 frilled lizards
  A jackal skeleton (D:4)
  2 leopard gecko skeletons
  A leopard gecko zombie (D:5)
  A quokka skeleton (D:6)
  A quokka zombie (D:8)
  8 rats
  A fire vortex (Volcano)
  3 fungi
  13 plants
1097 creatures vanquished.

Vanquished Creatures (collateral kills)
  A frost giant (IceCv)
  2 ogre magi (Orc:2)
  A hydra (Lair:2)
  An anaconda (Snake:4)
  2 two-headed ogres (Orc:2)
  A death yak (IceCv)
  A mana viper (Snake:4)
  2 naga magi (Snake:4)
  A rime drake (IceCv)
  5 polar bears (IceCv)
  A hippogriff (Lair:2)
  2 yaks (IceCv)
  5 ogres (Orc:2)
25 creatures vanquished.

Vanquished Creatures (others)
  3 wolves (IceCv)
  2 fire vortices (Volcano)
  19 fungi
  42 plants
66 creatures vanquished.

Grand Total: 1188 creatures vanquished

Notes
Turn   | Place    | Note
-------+----------+-------------------------------------------
     0 | D:1      | Gorglomux the Hill Orc Berserker began the quest for the Orb.
     0 | D:1      | Reached XP level 1. HP: 19/19 MP: 1/1
   142 | D:1      | Reached XP level 2. HP: 25/26 MP: 2/2
   242 | D:1      | Reached skill level 5 in Axes
   443 | D:1      | Reached XP level 3. HP: 27/31 MP: 3/3
   905 | D:1      | Reached ** piety under Trog
  1323 | D:2      | Reached skill level 6 in Axes
  1390 | D:2      | Reached XP level 4. HP: 27/39 MP: 4/4
  2068 | D:3      | Reached skill level 7 in Axes
  2143 | D:3      | HP: 1/39 [poisoned by an adder]
  2488 | D:3      | Reached XP level 5. HP: 22/45 MP: 5/5
  2497 | D:3      | Reached skill level 8 in Axes
  3032 | D:3      | HP: 1/67 [orc wizard/mace (5)]
  3033 | D:3      | Reached XP level 6. HP: 2/51 MP: 6/6
  3035 | D:3      | Reached *** piety under Trog
  3041 | D:3      | Found a snail-covered altar of Cheibriados.
  3304 | D:3      | Noticed Jessica
  3313 | D:3      | Reached skill level 9 in Axes
  3315 | D:3      | Killed Jessica
  3861 | D:4      | Reached skill level 10 in Axes
  3861 | D:4      | Reached XP level 7. HP: 57/57 MP: 7/7
  4382 | D:5      | Entered Level 5 of the Dungeon
  4396 | D:5      | Noticed Duvessa
  4397 | D:5      | Noticed Dowan
  4407 | D:5      | Killed Duvessa
  4407 | D:5      | Reached skill level 11 in Axes
  4427 | D:5      | Killed Dowan
  4668 | D:5      | Noticed Sigmund
  4685 | D:5      | Killed Sigmund
  4685 | D:5      | Reached skill level 12 in Axes
  4685 | D:5      | Reached XP level 8. HP: 61/64 MP: 8/8
  4894 | D:5      | Found a staircase to the Ecumenical Temple.
  5570 | D:6      | Reached skill level 13 in Axes
  5753 | D:6      | Found Veceripny's Magic Scroll Shoppe.
  5764 | D:6      | Bought a scroll of vulnerability for 82 gold pieces
  5764 | D:6      | Bought a scroll of identify for 22 gold pieces
  5764 | D:6      | Bought a scroll of enchant armour for 82 gold pieces
  5764 | D:6      | Bought a scroll of identify for 22 gold pieces
  5764 | D:6      | Bought a scroll of recharging for 104 gold pieces
  5764 | D:6      | Bought a scroll of identify for 22 gold pieces
  5775 | D:6      | Got a smoking lead amulet
  5776 | D:6      | Identified the amulet of Panentheism {RegenMP *Slow rElec rF+++ rN+} (You found it on level 6 of the Dungeon)
  5871 | D:6      | Reached **** piety under Trog
  5878 | D:6      | Reached skill level 14 in Axes
  5881 | D:6      | Reached XP level 9. HP: 62/70 MP: 2/9
  6179 | D:7      | Noticed a hornet
  6186 | D:7      | Killed a hornet
  6186 | D:7      | Reached skill level 15 in Axes
  7273 | D:7      | Reached skill level 16 in Axes
  7576 | D:8      | Noticed a two-headed ogre
  7589 | D:8      | Killed a two-headed ogre
  7589 | D:8      | Reached skill level 6 in Fighting
  7589 | D:8      | Reached XP level 10. HP: 79/83 MP: 10/10
  7850 | D:8      | Found a basalt altar of Yredelemnul.
  8027 | D:8      | Found a sparkling altar of Nemelex Xobeh.
  8099 | D:8      | Noticed a two-headed ogre
  8110 | D:8      | Killed a two-headed ogre
  8110 | D:8      | Reached ***** piety under Trog
  8110 | D:8      | Reached skill level 6 in Armour
  8461 | D:8      | Noticed a two-headed ogre
  8470 | D:8      | Killed a two-headed ogre
  8837 | D:9      | Reached skill level 9 in Fighting
  8887 | D:9      | Found a staircase to the Orcish Mines.
  9259 | D:9      | Found a staircase to the Lair.
  9268 | D:9      | Reached XP level 11. HP: 91/97 MP: 11/11
  9956 | D:10     | Entered Level 10 of the Dungeon
 10002 | D:10     | Noticed Urug
 10011 | D:10     | Killed Urug
 10292 | D:10     | Reached skill level 9 in Armour
 10296 | D:10     | Reached skill level 1 in Throwing
 10468 | D:10     | Received a gift from Trog
 10983 | Lair:1   | Entered Level 1 of the Lair of Beasts
 11034 | Lair:1   | Noticed an oklob plant
 11035 | Lair:1   | Noticed an oklob plant
 11036 | Lair:1   | Noticed an oklob plant
 11132 | Lair:1   | Found a frozen archway.
 11137 | Lair:1   | Reached skill level 3 in Throwing
 11254 | IceCv    | Entered an ice cave
 11417 | IceCv    | Identified the Tome of Transmigration and Snow
 11689 | IceCv    | Reached skill level 3 in Dodging
 11693 | IceCv    | Reached ****** piety under Trog
 11904 | IceCv    | Noticed a death yak
 11904 | IceCv    | Noticed a death yak
 11950 | IceCv    | Killed a death yak
 11950 | IceCv    | Reached XP level 12. HP: 71/105 MP: 12/12
 11970 | IceCv    | Killed a death yak
 12088 | IceCv    | Reached skill level 6 in Throwing
 12311 | IceCv    | Noticed a death yak
 12311 | IceCv    | Noticed a frost giant
 12334 | IceCv    | Killed a death yak
 12343 | IceCv    | Killed a frost giant
 12347 | IceCv    | Received a gift from Trog
 12810 | Lair:1   | Received a gift from Trog
 12820 | Lair:1   | Got a fine battleaxe {god gift}
 12821 | Lair:1   | Identified the +6 battleaxe "Geceicla" {god gift, holy, SInv} (Trog gifted it to you on level 1 of the Lair of Beasts)
 13125 | Lair:1   | Reached skill level 6 in Dodging
 14188 | Lair:2   | Reached XP level 13. HP: 93/112 MP: 13/13
 14470 | Lair:2   | Found a staircase to the Snake Pit.
 14802 | Lair:2   | Reached skill level 9 in Dodging
 14956 | Lair:2   | Received a gift from Trog
 17760 | Lair:4   | Found a shattered altar of Ashenzari.
 18318 | Lair:4   | Found a staircase to the Swamp.
 18664 | Lair:5   | Received a gift from Trog
 18875 | Lair:5   | Found a staircase to the Slime Pits.
 18913 | Lair:5   | Received a gift from Trog
 19033 | Lair:5   | Noticed Rupert
 19042 | Lair:5   | Killed Rupert
 19192 | Lair:5   | Reached XP level 14. HP: 120/120 MP: 4/14
 19230 | Lair:5   | Found a dark tunnel.
 19250 | Volcano  | Entered a volcano
 19258 | Volcano  | Reached skill level 12 in Dodging
 20037 | Lair:5   | Reached skill level 17 in Axes
 20544 | Slime:1  | Entered Level 1 of the Pits of Slime
 20544 | Slime:1  | Noticed an acid blob
 20549 | Slime:1  | Gained mutation: You are clumsy. (Dex -2) [a shining eye]
 20726 | Lair:6   | Entered Level 6 of the Lair of Beasts
 20861 | Lair:6   | Reached skill level 18 in Axes
 20871 | Lair:6   | HP: 4/121 [drowned by a drowned soul[a merfolk avatar] (9)]
 21837 | Lair:6   | Reached skill level 19 in Axes
 22128 | Lair:6   | Received a gift from Trog
 22822 | Lair:6   | Identified the Tome of Darkness
 23048 | Lair:1   | Reached skill level 20 in Axes
 23048 | Lair:1   | Reached XP level 15. HP: 91/126 MP: 5/15
 24108 | D:12     | Received a gift from Trog
 24587 | D:12     | Reached skill level 21 in Axes
 25407 | D:13     | Noticed Kirke
 25418 | D:13     | Killed Kirke
 25834 | D:14     | Found a sacrificial altar of Ru.
 26033 | D:14     | Found a gate to the Vaults.
 26040 | D:14     | Reached skill level 22 in Axes
 26430 | D:14     | Found Kaixann's Weapon Shop.
 26742 | D:14     | HP: 7/189 [white ugly thing (16)]
 27112 | D:15     | Entered Level 15 of the Dungeon
 27189 | D:15     | Reached skill level 23 in Axes
 27200 | D:15     | Found a huge runed gate.
 27200 | D:15     | Found a huge runed gate.
 27200 | D:15     | Found a huge runed gate.
 27200 | D:15     | Found a huge runed gate.
 27200 | D:15     | Found a huge runed gate.
 27200 | D:15     | Found a huge runed gate.
 27200 | D:15     | Found a huge runed gate.
 27200 | D:15     | Found a huge runed gate.
 27200 | D:15     | Found a huge runed gate.
 27201 | D:15     | Found a huge runed gate.
 27206 | D:15     | Found a huge runed gate.
 27318 | D:15     | Reached XP level 16. HP: 115/134 MP: 5/16
 27518 | D:15     | Noticed Azrael
 27521 | D:15     | Received a gift from Trog
 27531 | D:15     | Killed Azrael
 28076 | D:15     | Found a staircase to the Depths.
 28116 | D:15     | Found a huge runed gate.
 28116 | D:15     | Found a huge runed gate.
 28116 | D:15     | Found a huge runed gate.
 28116 | D:15     | Found a huge runed gate.
 28116 | D:15     | Found a huge runed gate.
 28117 | D:15     | Found a huge runed gate.
 28117 | D:15     | Found a huge runed gate.
 28117 | D:15     | Found a huge runed gate.
 28138 | D:15     | Found a huge runed gate.
 28139 | D:15     | Found a huge runed gate.
 28140 | D:15     | Found a huge runed gate.
 28141 | D:15     | Found a huge runed gate.
 28144 | D:15     | Found a huge runed gate.
 28144 | D:15     | Found a huge runed gate.
 28148 | D:15     | Found a huge runed gate.
 28149 | D:15     | Found a huge runed gate.
 28150 | D:15     | Found a huge runed gate.
 28150 | D:15     | Found a huge runed gate.
 28150 | D:15     | Found a huge runed gate.
 28150 | D:15     | Found a huge runed gate.
 28154 | D:15     | Found a huge runed gate.
 28154 | D:15     | Found a huge runed gate.
 28154 | D:15     | Found a huge runed gate.
 28155 | D:15     | Found a huge runed gate.
 28189 | D:15     | Reached skill level 24 in Axes
 28411 | D:15     | Received a gift from Trog
 28768 | Orc:1    | Entered Level 1 of the Orcish Mines
 29017 | Orc:1    | Received a gift from Trog
 29518 | Orc:1    | Found a roughly hewn altar of Beogh.
 29620 | Orc:2    | Entered Level 2 of the Orcish Mines
 29633 | Orc:2    | Found Soiziux's General Store.
 29674 | Orc:2    | Bought a scroll of enchant armour for 112 gold pieces
 29674 | Orc:2    | Bought a potion of curing for 45 gold pieces
 29674 | Orc:2    | Bought a scroll of identify for 30 gold pieces
 29693 | Orc:2    | Found a staircase to the Elven Halls.
 29801 | Orc:2    | Found an iron altar of Okawaru.
 29859 | Orc:2    | Found Emuprouf's Distillery.
 29867 | Orc:2    | Bought a potion of berserk rage for 75 gold pieces
 29867 | Orc:2    | Bought a potion of heal wounds for 75 gold pieces
 29867 | Orc:2    | Bought a potion of haste for 150 gold pieces
 29906 | Orc:2    | Found Moiryn's Jewellery Emporium.
 29911 | Orc:2    | Received a gift from Trog
 29964 | Orc:2    | Reached skill level 25 in Axes
 30297 | Orc:2    | Bought the ring of Xom's Best Wishes {rElec rF- AC+4 Str+3} for 739 gold pieces
 30458 | Orc:2    | Found Jiyx's Book Shop.
 30458 | Orc:2    | Found Deutio Ifex's Book Emporium.
 30459 | Orc:2    | Found Vayschat's Antique Armour Shoppe.
 30459 | Orc:2    | Found Akhy's Distillery.
 30468 | Orc:2    | Bought a potion of haste for 110 gold pieces
 30468 | Orc:2    | Bought a potion of resistance for 110 gold pieces
 30468 | Orc:2    | Bought a potion of magic for 88 gold pieces
 30468 | Orc:2    | Bought a potion of heal wounds for 55 gold pieces
 30679 | Snake:1  | Entered Level 1 of the Snake Pit
 30685 | Snake:1  | Received a gift from Trog
 31179 | Snake:1  | Reached XP level 17. HP: 57/140 MP: 5/17
 31539 | Snake:1  | Got a wavering bronze ring
 31541 | Snake:1  | Identified the ring "Xerykkuyn" {+Fly rC+} (You found it on level 1 of the Snake Pit)
 31856 | Snake:2  | Reached skill level 26 in Axes
 31856 | Snake:2  | Received a gift from Trog
 33708 | Snake:3  | Received a gift from Trog
 34210 | Snake:3  | Reached skill level 27 in Axes
 34618 | Snake:3  | Found an ancient bone altar of Kikubaaqudgha.
 35327 | Snake:4  | Entered Level 4 of the Snake Pit
 35397 | Snake:4  | Reached skill level 12 in Fighting
 35656 | Snake:4  | Received a gift from Trog
 36403 | Snake:4  | Received a gift from Trog
 36515 | Snake:4  | Reached XP level 18. HP: 145/157 MP: 6/18
 36591 | Snake:4  | Killed from afar by a nagaraja

Vault maps used:
D:1:      eino_arrival_druids_welcome, serial_forest,
          infiniplex_forest_lined_3_way, infiniplex_forest_end_2,
          infiniplex_forest_lined_room_2, infiniplex_forest_end_2,
          infiniplex_forest_diagonal, infiniplex_forest_split,
          infiniplex_forest_side_room, infiniplex_forest_lined_ring
D:2:      first_bread, dk_noncrumbling_3
D:3:      cheibriados_altar_1, uniq_jessica
D:5:      minmay_temple_entry_statues_pillars, serial_glass, glass_columns_c,
          glass_columns_a, glass_columns_b, glass_columns_a,
          hangedman_decor_peaks_small, uniq_duvessa, uniq_sigmund
D:6:      serial_shops, nicolae_shop_waterfront
D:8:      kennysheep_mini, basic_altar
D:9:      david_lair_generic, hiddenorc2_lemuel
D:10:     uniq_urug
D:12:     hangedman_little_slice_of_home, grunt_ministairs_12
D:13:     small_chamber_with_monster, uniq_kirke
D:14:     erik_vaults_2, nicolae_ru_sacrificial_ziggurat, serial_shops,
          nicolae_shop_crystal
D:15:     grunt_enter_depths_hoard, minmay_misc_feat_tiny,
          statue_in_the_mist_lemuel, door_vault, uniq_azrael
Lair:1:   portal_ice_cave_entry_ice_beasts, cheibrodos_lair_caveside_slide,
          nicolae_quartered_pool_medium, worms_lemuel, lemuel_fruit_tree,
          serial_bayou_shore_a, minmay_lair_oklob_chamber
Lair:2:   regret_index_tunnel_blossom, guppyfry_snake_entry_garden
Lair:3:   serial_bayou_pond_c, minmay_stone_trees_large, grunt_megastairs_3
Lair:4:   nicolae_swamp_entry_splash_gauntlet, basic_altar, st_stairs_9
Lair:5:   minmay_slime_entry_jelly_boxes, enter_volcano_2, roderic_batcave,
          uniq_rupert
Lair:6:   gammafunk_lair_ancient_temple
Snake:2:  grunt_megastairs_4
Snake:3:  basic_altar, spider_trap, st_stairs_14, nicolae_snake_squiggles
Snake:4:  johnstein_snake_rune_scales
Orc:1:    minmay_orc_temple_b
Orc:2:    st_orc_ogre_mass, serial_shops, shop, nicolae_shop_window_shopping,
          nicolae_shop_temple_entry_statues_fountains, okawaru_metal_pillars_3
IceCv:    ice_cave_caverns_03
Volcano:  volcano_aerie

Skill      XL: |  1  2  3  4  5  6  7  8  9 10 11 12 13 14 15 16 17 18 |
---------------+-------------------------------------------------------+-----
Axes           | 5 6 7 8 10 12 14 16 20 23 25 27 | 27.0
Fighting       | 6 9 10 13 14 | 14.1
Armour         | 4 8 10 | 10.0
Throwing       | 5 7 |  7.6
Dodging        | 3 8 11 12 | 12.0

Action                   |  1- 3 |  4- 6 |  7- 9 | 10-12 | 13-15 | 16-18 || total
-------------------------+-------+-------+-------+-------+-------+-------++-------
Melee: Hand axe          |   141 |   220 |    84 |       |       |       ||   445
       War axe           |       |       |   139 |   462 |       |       ||   601
       Battleaxe         |       |       |       |   171 |    76 |       ||   247
       Executioner's axe |       |       |       |       |  1099 |   819 ||  1918
 Fire: Blowgun           |       |       |       |     4 |     1 |       ||     5
Throw: Javelin           |     1 |       |       |     9 |    75 |     5 ||    90
       Tomahawk          |       |       |       |       |     1 |     2 ||     3
Invok: Trog's Hand       |       |     3 |     1 |     4 |    12 |    14 ||    34
       Berserk           |       |     4 |     8 |     9 |    18 |    12 ||    51
       Burn Spellbooks   |       |       |       |     1 |     2 |     2 ||     5
       Brothers in Arms  |       |       |       |     1 |     1 |     3 ||     5
Evoke: Wand              |       |       |       |       |     4 |       ||     4
       Phial of floods   |       |       |       |       |     1 |       ||     1
  Use: Scroll            |       |     2 |    11 |     9 |    15 |     2 ||    39
       Potion            |       |       |       |       |     8 |     6 ||    14
 Stab: Invisible         |       |       |       |       |     5 |       ||     5
       Petrified         |       |       |       |       |     5 |       ||     5
       Petrifying        |       |       |       |       |     1 |       ||     1
  Eat: Chunk             |     2 |    12 |    19 |    31 |    63 |    23 ||   150
       Fruit             |       |       |     2 |       |       |     2 ||     4
       Royal jelly       |       |       |     1 |       |     3 |    11 ||    15
Armor: Animal skin       |    10 |       |       |       |       |       ||    10
       Ring mail         |    47 |    72 |    72 |    38 |       |       ||   229
       Plate armour      |       |       |       |   244 |   836 |   436 ||  1516
Dodge: Dodged            |    81 |    86 |    99 |   276 |   819 |   482 ||  1843
